Map: Whirlwind LE (Void)

Players

SpeCial

  • Race: Terran Terran
  • League: Grandmaster
  • Spawn Location: 7:00

PtitDrogo - Winner!

  • Race: Protoss Protoss
  • League: Master
  • Spawn Location: 1:00

Event: NationWars IV

VOD

Have the link to the VOD?

Description

Time

  • Played on: Jan. 5, 2017, 1:55 p.m.
  • Length: 13:36

All games in this series

Show
View Real Time Build Order
Export as new Build Order

SpeCial Terran 

Build Orders: Reaper Expand, MMM Bio 

Get SALT Encoding   

  12  0:00  SCV  
  13  0:13  SCV  
  14  0:16  Supply Depot  
  14  0:25  SCV  
  15  0:28  Refinery  
  15  0:38  SCV  
  16  0:44  Barracks  
  16  0:50  SCV  
  17  1:02  SCV  
  18  1:14  SCV  
  19  1:31  Orbital Command, Reaper  
  20  1:42  Command Center  
  20  1:52  Factory  
  20  1:57  SCV  
  21  2:03  Refinery  
  21  2:06  Barracks Reactor  
  21  2:09  SCV  
  21  2:14  Supply Depot  
  22  2:21  SCV  
  23  2:36  SCV  
  24  2:40  Starport  
  24  2:41  Widow Mine  
  24  2:43  Marine x2  
  27  2:48  SCV  
  28  2:54  Orbital Command  
  28  3:00  SCV  
  28  3:01  Marine x2  
  31  3:12  SCV  
  32  3:15  Widow Mine  
  32  3:16  Supply Depot  
  32  3:19  Marine x2  
  35  3:25  Medivac  
  37  3:27  Supply Depot  
  37  3:30  SCV  
  37  3:31  SCV  
  39  3:38  Marine x2  
  41  3:42  SCV  
  41  3:43  SCV  
  41  3:46  Widow Mine  
  45  3:54  SCV  
  45  3:55  SCV  
  47  3:57  Barracks  
  47  3:59  Marine x2  
  52  4:06  Bunker  
  52  4:09  SCV x2  
  54  4:14  Supply Depot  
  54  4:16  Viking  
  53  4:20  Marine  
  54  4:29  SCV  
  54  4:33  Marine  
  54  4:35  SCV, Widow Mine  
  55  4:41  Marine  
  56  4:45  SCV  
  56  4:47  SCV  
  56  4:51  Marine  
  59  4:54  Supply Depot, Barracks Tech Lab  
  59  4:56  Engineering Bay  
  59  4:58  SCV  
  59  4:59  SCV  
  61  5:04  Marine  
  60  5:09  Marine  
  60  5:12  Factory Tech Lab  
  60  5:13  Barracks, Marine  
  62  5:15  Stimpack  
  62  5:16  SCV  
  62  5:17  SCV  
  64  5:25  Terran Infantry Weapons Level 1, Supply Depot  
  64  5:28  SCV  
  65  5:31  Marine x2  
  65  5:37  SCV  
  65  5:40  Marine, SCV  
  68  5:45  Missile Turret  
  68  5:48  Starport Reactor  
  68  5:49  SCV  
  69  5:50  Marine x2  
  69  5:52  SCV  
  72  5:58  Factory Reactor  
  72  5:59  Marine  
  72  6:02  SCV  
  74  6:04  SCV  
  74  6:08  Marine  
  76  6:12  Combat Shields, Marine x2, Refinery, Supply Depot  
  76  6:17  SCV x2  
  78  6:22  Marauder  
  77  6:26  Marine  
  77  6:28  Medivac x2  
  77  6:30  Marine  
  77  6:31  Marauder  
  83  6:34  SCV x2  
  83  6:39  Supply Depot  
  85  6:44  Marine  
  86  6:48  Marine  
  86  6:49  Marauder  
  86  6:52  Marauder  
  87  6:58  Medivac x2  
  88  7:01  Marine  
  88  7:05  Marine  
  88  7:06  Widow Mine x2  
  92  7:10  Command Center  
  92  7:17  Marauder x2  
  92  7:18  Liberator x2  
  92  7:19  Marine  
  97  7:23  Marine  
  97  7:24  SCV  
  97  7:25  Barracks x2, SCV  
  100  7:34  Supply Depot  
  100  7:35  Supply Depot  
  106  7:40  Marine  
  106  7:41  Marauder x2, Marine  
  110  7:55  Widow Mine x2  
  110  7:56  SCV x2  
  114  8:05  Supply Depot  
  114  8:06  Refinery  
  114  8:08  SCV x2  
  114  8:09  Marauder, Marine x2  
  120  8:15  Barracks Tech Lab, Barracks Reactor  
  120  8:29  Marine x2  
  120  8:30  Marauder  
  120  8:31  Marauder  
  120  8:32  SCV x2  
  132  8:40  Terran Infantry Armor Level 1  
  128  8:41  Viking  
  128  8:42  Viking  
  128  8:43  Starport  
  128  8:44  SCV x2  
  134  8:52  Orbital Command  
  134  8:55  Marauder x2  
  134  8:56  Marine x2, SCV  
  134  8:57  SCV  
  138  9:08  SCV  
  138  9:09  SCV  
  140  9:11  Viking x2  
  140  9:14  Refinery x2  
  143  9:21  SCV x2  
  145  9:24  SCV  
  145  9:28  Supply Depot  
  140  9:33  Marine, SCV x2  
  140  9:34  Marine x2  
  140  9:35  Marauder  
  149  9:38  Marauder  
  149  9:42  Supply Depot  
  149  9:43  Marauder  
  149  9:44  Engineering Bay, Supply Depot, Armory  
  148  9:50  SCV x2  
  144  9:58  Viking  
  144  9:59  Viking x3  
  153  10:00  SCV  
  153  10:08  Marine x4  
  153  10:09  Marauder x2  
  159  10:21  Missile Turret  
  159  10:27  Marine x2  
  159  10:28  Marine, Viking  
  160  10:29  Viking  
  160  10:30  Marauder x2  
  160  10:32  Viking  
  170  10:37  Viking  
  171  10:46  Orbital Command  
  163  10:58  Marauder, Marine  
  165  11:09  Terran Infantry Weapons Level 2  
  165  11:12  Viking x3  
  165  11:16  Terran Infantry Armor Level 2  
  165  11:18  Terran Ship Weapons Level 1  
  171  11:22  Medivac  
  173  11:27  Supply Depot  
  173  11:38  Marine  
  173  11:39  Missile Turret, Marine  
  173  11:40  Marine  
  173  11:41  SCV x2  
  173  11:44  Marauder  
  171  11:48  SCV  
  171  11:50  Liberator  
  171  11:51  Medivac  
  171  11:52  Viking  
  171  11:53  SCV  
  177  11:54  Marine x2  
  177  11:56  Marine  
  180  12:06  Supply Depot  
  182  12:11  Marine  
  182  12:12  Marauder  
  185  12:21  Medivac x2  
  187  12:24  Marauder, Marine x2  
  187  12:27  Marine  
  187  12:32  Marine  
  187  12:33  Marauder, Marine  
  191  12:42  Marine x2  
  193  12:45  Marauder  
  197  12:51  Marauder  
  197  12:57  Marauder, Marine  
  160  13:00  Marine  
  160  13:03  Marine  
  160  13:04  Marine  
  115  13:07  Marauder  
  105  13:13  Marauder  
  105  13:14  Marine  
Show
View Real Time Build Order
Export as new Build Order

PtitDrogo Protoss - Winner!

Build Orders: 1 Gate Expand, Oracle Opening 

Get SALT Encoding   

  12  0:00  Probe (Chrono Boost)  
  13  0:11  Probe (Chrono Boost)  
  14  0:18  Pylon  
  14  0:22  Probe (Chrono Boost)  
  15  0:36  Probe (Chrono Boost), Gateway  
  16  0:47  Probe (Chrono Boost)  
  16  0:48  Assimilator  
  17  0:57  Probe (Chrono Boost)  
  18  1:08  Probe (Chrono Boost)  
  19  1:19  Nexus  
  19  1:23  Probe (Chrono Boost)  
  20  1:32  Cybernetics Core  
  20  1:35  Probe (Chrono Boost)  
  20  1:39  Assimilator  
  21  1:45  Probe (Chrono Boost)  
  22  1:50  Pylon  
  22  1:56  Probe (Chrono Boost)  
  23  2:03  Warp Gate  
  23  2:05  Adept  
  23  2:10  Probe (Chrono Boost)  
  26  2:22  Probe (Chrono Boost)  
  27  2:29  Stargate, Adept  
  27  2:34  Probe (Chrono Boost)  
  27  2:36  Probe (Chrono Boost)  
  31  2:45  Probe (Chrono Boost)  
  31  2:48  Probe (Chrono Boost)  
  33  2:56  Probe (Chrono Boost)  
  35  2:59  Probe (Chrono Boost)  
  35  3:02  Gateway  
  35  3:03  Gateway  
  35  3:06  Probe (Chrono Boost)  
  35  3:11  Probe (Chrono Boost)  
  37  3:14  Oracle  
  37  3:17  Probe (Chrono Boost)  
  41  3:23  Pylon  
  43  3:29  Mothership Core (Chrono Boost), Probe (Chrono Boost)  
  44  3:35  Pylon  
  44  3:43  Probe (Chrono Boost)  
  44  3:47  Oracle  
  46  3:49  Probe (Chrono Boost)  
  46  3:55  Probe (Chrono Boost)  
  50  4:00  Assimilator  
  50  4:01  Probe (Chrono Boost)  
  50  4:02  Pylon  
  51  4:07  Probe (Chrono Boost)  
  51  4:09  Stalker  
  54  4:10  Stalker  
  54  4:13  Probe (Chrono Boost)  
  54  4:15  Stalker  
  59  4:19  Probe (Chrono Boost)  
  59  4:20  Pylon  
  61  4:25  Probe (Chrono Boost)  
  60  4:31  Probe (Chrono Boost)  
  60  4:37  Probe (Chrono Boost)  
  61  4:39  Stalker x3  
  61  4:43  Probe (Chrono Boost)  
  68  4:47  Phoenix  
  68  4:49  Probe (Chrono Boost), Assimilator  
  71  4:59  Probe (Chrono Boost)  
  72  5:02  Probe (Chrono Boost)  
  72  5:07  Stalker x2  
  74  5:15  Probe (Chrono Boost)  
  74  5:20  Probe (Chrono Boost)  
  75  5:26  Robotics Facility  
  75  5:27  Probe (Chrono Boost)  
  76  5:33  Nexus, Probe (Chrono Boost), Pylon  
  77  5:39  Probe (Chrono Boost)  
  77  5:42  Twilight Council, Forge  
  78  5:43  Pylon  
  78  5:53  Probe (Chrono Boost)  
  78  5:55  Probe (Chrono Boost)  
  79  6:05  Probe (Chrono Boost)  
  79  6:08  Probe (Chrono Boost)  
  80  6:16  Stalker x2  
  80  6:17  Probe (Chrono Boost), Stalker  
  88  6:20  Probe (Chrono Boost)  
  88  6:29  Probe (Chrono Boost)  
  88  6:31  Protoss Ground Weapons Level 1  
  88  6:32  Immortal, Probe (Chrono Boost), Blink  
  88  6:34  Robotics Bay  
  88  6:37  Robotics Facility  
  93  6:41  Probe (Chrono Boost)  
  93  6:44  Probe (Chrono Boost)  
  93  6:45  Stalker  
  96  6:49  Probe (Chrono Boost)  
  96  6:53  Probe (Chrono Boost)  
  98  6:56  Probe (Chrono Boost)  
  99  7:06  Photon Cannon, Probe (Chrono Boost)  
  99  7:08  Probe (Chrono Boost), Assimilator  
  99  7:10  Assimilator  
  99  7:14  Sentry x3  
  105  7:19  Gateway x2  
  105  7:21  Pylon  
  105  7:22  Gateway  
  105  7:25  Colossus  
  105  7:35  Pylon  
  107  7:38  Adept  
  107  7:39  Adept x2  
  107  7:40  Pylon  
  107  7:41  Pylon  
  107  7:42  Pylon  
  107  7:44  Pylon  
  113  7:45  Pylon  
  113  8:03  Adept x3  
  116  8:19  Photon Cannon  
  116  8:21  Photon Cannon  
  116  8:22  Adept x3  
  116  8:23  Adept  
  116  8:24  Adept x2  
  126  8:28  Colossus  
  126  8:29  Colossus  
  138  8:38  Extended Thermal Lance  
  138  8:44  Resonating Glaives  
  138  8:49  Gateway x2  
  138  8:56  Pylon  
  138  9:00  Pylon  
  138  9:04  Photon Cannon  
  138  9:05  Pylon  
  138  9:06  Pylon  
  138  9:10  Stalker x5  
  138  9:11  Pylon  
  148  9:21  Adept  
  150  9:26  Pylon  
  150  9:27  Pylon  
  146  9:35  Adept x5  
  156  9:44  Stalker  
  146  9:53  Adept x2  
  146  9:57  Forge  
  149  10:04  Warp Prism, Colossus  
  149  10:07  Adept x2, Sentry x3  
  165  10:23  Nexus  
  165  10:31  Stalker  
  165  10:32  Stalker x3  
  158  10:58  Protoss Ground Armor Level 1  
  158  11:01  Adept x5  
  158  11:02  Adept x3  
  158  11:03  Pylon  
  158  11:04  Disruptor x2  
  180  11:15  Forge  
  180  11:36  Disruptor  
  180  11:39  Observer  
  178  11:57  Assimilator  
  178  11:58  Assimilator  
  178  12:04  Adept x4  
  178  12:05  Adept x4  
  178  12:07  Gateway  
  194  12:11  Gateway x2  
  192  12:29  Stalker x4  
  169  13:02  Adept x6  
  169  13:03  Adept  
  160  13:17  Adept x3  
  166  13:23  Adept x7  
Tags
 
Add a new tag
Caveats
  • Supply blocks, unpowered buildings, or Contaminate may cause inaccurate times.
  • Supply counts are checked every 10 seconds.